AoeStats
← FIREFOXking_G

African Clearing

510566202Analyzed
4v4 RM · 1d ago on Oct 1, 2026· 36m 46s· 8 players
Game mode
Random Map
Map size
Large (8 player)
Population
200
Speed
Normal
Resources
Standard
Victory
Conquest
Starting age
Dark Age
Ending age
Imperial Age
RankedLock teamsTeams togetherTeam positionsShared explorationLock speedFull tech treeHidden civsTurbo modeCheats
Victory
Defeat
🇹🇷 Slavs · Türkiye
1173
+15
🇳🇱 Turks · Netherlands
1119
+17
🇪🇸 Cumans · Spain
1104
+18
🇫🇷 Berbers · France
1069
+20
🇧🇷 Huns · Brazil
1230
-21
🇧🇷 Franks · Brazil
1144
-17
🇧🇷 Celts · Brazil
1119
-16
🇬🇧 Varangians · United Kingdom
1111
-16
The Rock
4:12 Loom
14:14 Feudal Age
18:43 Castle Age
17:42 Double-Bit Axe
23:30 Town Watch
31:01 Horse Collar
31:43 Bow Saw
33:10 Husbandry
33:33 Forging
33:31 Squires
34:12 Bloodlines
35:06 Wheelbarrow
36:06 Fletching
Jack Sparrow Nordestino
6:36 Loom
13:29 Feudal Age
13:47 Feudal Age
18:35 Castle Age
16:40 Double-Bit Axe
17:59 Scale Barding Armor
18:06 Forging
18:21 Gold Mining
24:00 Town Watch
26:20 Chain Barding Armor
31:06 Bow Saw
noob
5:37 Loom
15:12 Feudal Age
19:25 Wheelbarrow
25:26 Castle Age
24:00 Forging
23:55 Scale Barding Armor
24:02 Bloodlines
29:00 Hand Cart
28:31 Town Watch
34:02 Imperial Age
35:38 Cavalier
36:19 Husbandry
36:28 Husbandry
37:04 Iron Casting
36:49 Chain Barding Armor
36:53 Town Patrol
Papai Sacudo
6:10 Loom
14:15 Feudal Age
18:31 Castle Age
24:56 Horse Collar
26:31 Heavy Plow
28:07 Arson
34:20 Pikeman
John Kalztan
10:48 Loom
13:22 Feudal Age
14:10 Double-Bit Axe
15:02 Horse Collar
26:15 Castle Age
24:16 Town Watch
25:49 Stone Mining
26:22 Fletching
26:33 Pikeman
29:17 Bow Saw
32:10 Steppe Husbandry
32:08 Bodkin Arrow
32:07 Gold Mining
33:10 Bloodlines
33:04 Padded Archer Armor
34:01 Leather Archer Armor
34:04 Heavy Plow
35:42 Town Patrol
36:26 Thumb Ring
FIREFOXking_G
14:05 Feudal Age
12:50 Loom
18:28 Castle Age
17:38 Scale Barding Armor
21:02 Wheelbarrow
22:12 Horse Collar
23:32 Heavy Plow
23:44 Double-Bit Axe
30:25 Chain Barding Armor
31:10 Bloodlines
31:17 Stone Mining
34:03 Forging
34:30 Fletching
35:47 Husbandry
36:12 Bow Saw
a.tarikcam
10:50 Loom
13:08 Feudal Age
15:38 Double-Bit Axe
18:42 Castle Age
17:50 Scale Barding Armor
17:58 Bloodlines
17:54 Gold Mining
17:47 Horse Collar
19:53 Chain Barding Armor
19:44 Horse Collar
23:55 Wheelbarrow
23:55 Forging
28:11 Husbandry
30:53 Hand Cart
34:14 Iron Casting
Digit
6:41 Loom
14:12 Feudal Age
19:12 Castle Age
17:43 Double-Bit Axe
20:40 Bow Saw
21:00 Forging
26:16 Husbandry
29:11 Wheelbarrow
28:40 Horse Collar
29:31 Fletching
30:58 Stone Mining
32:28 Bodkin Arrow
33:01 Ballistics
32:22 Treadmill Crane
33:23 Heavy Plow
36:52 Imperial Age
35:05 Gold Mining
36:27 Bloodlines
36:56 Gold Shaft Mining
36:57 Stone Shaft Mining
Connection lost

Rejoining the realm…

Still unreachable

The connection could not be restored.

Session expired

The server has moved on; the page needs a fresh start.